 Dungeon Crawl Stone Soup version 0.31.0-11-ge490571c62 (webtiles) character file.

Game seed: 10824810573749522494

524 qw the Shooter (level 7, -2/35 HPs)
             Began as a Spriggan Hunter on Feb 3, 2024.
             Slain by an orc wizard
             ... wielding a +0 dagger
              (3 damage)
             ... on level 5 of the Dungeon.
             The game lasted 00:00:12 (3197 turns).

qw the Shooter (Spriggan Hunter)                    Turns: 3197, Time: 00:00:12

Health: -2/35      AC:  2    Str:  7      XL:     7   Next: 2%
Magic:  8/8        EV: 21    Int:  9 (10) God:
Gold:   134        SH:  0    Dex: 20 (21) Spells: 6/6 levels left

rFire   . . .        b - +2 sling (heavy)
rCold   . . .        (no shield)
rNeg    . . .        c - +0 robe
rPois   .            (helmet restricted)
rElec   .            (no cloak)
rCorr   .            (gloves unavailable)
SInv    +            (boots unavailable)
Will    +....        (no amulet)
Stlth   ++           (no ring)
HPRegen 0.25/turn    (no ring)
MPRegen 0.11/turn

%: no passive effects
@: very quick
A: very small, no large weapons, unfitting armour, see invisible, speed 3
a: no special abilities


You were on level 5 of the Dungeon.
You visited 1 branch of the dungeon, and saw 5 of its levels.

You collected 232 gold pieces.
You spent 98 gold pieces at shops.


Innate Abilities, Weirdness & Mutations

You are very small and have problems with some larger weapons.
You are too small for most types of armour.
You have supernaturally acute eyesight. (SInv)
You cover ground extremely quickly. (Speed+++)


   Skills:
 - Level 2.0 Fighting
 - Level 7.1 Ranged Weapons
 + Level 6.2 Dodging
 - Level 1.5 Stealth


You had 6 spell levels left.
You didn't know any spells.
Your spell library was empty.

Inventory:

Hand Weapons
 b - a +2 heavy sling (weapon)
Armour
 c - a +0 robe (worn)
Wands
 m - a wand of flame (10)
Scrolls
 g - a scroll of brand weapon
 h - a scroll of enchant armour {unknown}
Potions
 a - 2 potions of resistance
 d - a potion of magic {unknown}
 e - a potion of berserk rage {unknown}
 f - 3 potions of haste
 i - a potion of heal wounds {unknown}
 o - a potion of curing {unknown}

Dungeon Overview and Level Annotations

Branches:
Dungeon (5/15)
 Temple: D:4-7

Altars:
Sif Muna
Uskayaw

Shops:
D:2 :   D:3 =   D:4 *

Annotations:
D:3 3 runed translucent doors, qw's ghost, amateur SpHu


Message History

Your Ranged Weapons skill increases to level 7!
You shoot a sling bullet. The orc priest shouts!
The sling bullet hits the orc wizard!
The orc wizard is almost dead.
You feel very sick.
You hear a shout!
The orc wizard points at you and mumbles some strange words.
You resist with almost no effort.
An orc wizard comes into view. It is wielding a +0 dagger.
You shoot a sling bullet.
The sling bullet closely misses the orc wizard.
The sling bullet closely misses the orc priest.
You feel sick.
You shoot a sling bullet.
The sling bullet closely misses the orc wizard.
The sling bullet closely misses the orc priest.
You feel sick. The orc wizard barely misses you.
You shoot a sling bullet.
The sling bullet closely misses the orc wizard.
The sling bullet hits the orc priest!
The orc priest is severely wounded.
You feel sick.
An orc opens the door.
The orc priest barely misses you.
The orc wizard hits you with a +0 dagger.
An orc comes into view. It is wielding a +0 short sword.
The orc wizard mumbles some strange words.
The orc wizard flickers and vanishes for a moment.
The orc wizard barely misses you. The orc priest misses you.
You shoot a sling bullet. The sling bullet hits the orc wizard!
You kill the orc wizard!
You feel sick.
You are no longer poisoned.
The orc wizard points at you and mumbles some strange words.
The magic dart hits you! The orc priest misses you.
You have reached level 7!
You shoot a sling bullet. The sling bullet hits the orc priest.
The orc priest is almost dead.
The orc priest closely misses you.
The orc wizard hits you with a +0 dagger.
You die...

' _..'..'.## #..##...
#. ..#..#..###.)##...
.
#'###'#..#...#...#####
.. .....#..##......#
##' #'##'##'..##...#
... #.....######..#
..#.....# #..#
##+##)##'### #....
$....oo@.# #.####
########## #.# .#


You could see an orc priest and an orc wizard (invisible).

Vanquished Creatures
  An ice beast (D:5)
  A scorpion (D:5)
  2 hounds
  An orc priest (D:4)
  A jelly (D:4)
  A sleepcap (D:4)
  An iguana (D:3)
  2 orc wizards
  5 adders
  2 ufetubi (D:5)
  9 orcs
  5 endoplasms
  3 giant cockroaches
  5 goblins
  10 hobgoblins
  9 jackals
  9 kobolds
  A quokka (D:2)
  14 ball pythons
  3 bats
  2 frilled lizards
  4 rats
91 creatures vanquished.

Notes
Turn   | Place    | Note
-------+----------+-------------------------------------------
     0 | D:1      | qw the Spriggan Hunter began the quest for the Orb.
     0 | D:1      | Reached XP level 1. HP: 10/10 MP: 2/2
     0 | D:1      | 0 ||| qw: Version: 0.3-a-157-g843a77d
     0 | D:1      | 0 ||| qw: Game counter: 3944
     0 | D:1      | 0 ||| qw: Melee chars always use a shield: true
     0 | D:1      | 0 ||| qw: God list: Okawaru
     0 | D:1      | 0 ||| qw: Allow faded altars: false
     0 | D:1      | 0 ||| qw: Do Orc after clearing Dungeon:15 true
     0 | D:1      | 0 ||| qw: Do second Lair branch before Depths: true
     0 | D:1      | 0 ||| qw: Lair rune preference: random
     0 | D:1      | 0 ||| qw: Goals: Normal
     0 | D:1      | 0 ||| PLANNING D:1-11
    25 | D:1      | Reached skill level 3 in Dodging
   112 | D:1      | Reached XP level 2. HP: 14/14 MP: 3/3
   406 | D:1      | 406 ||| READING 3 scrolls labelled MINIGG VOUZ.
   406 | D:1      | 406 ||| IDENTIFYING murky yellow potion
   407 | D:1      | 407 ||| READING 2 scrolls of identify.
   407 | D:1      | 407 ||| IDENTIFYING dark potion
   408 | D:1      | 408 ||| DROPPING scroll of butterflies.
   409 | D:1      | 409 ||| DROPPING potion of lignification.
   410 | D:1      | 410 ||| DROPPING potion of invisibility.
   453 | D:2      | Reached XP level 3. HP: 14/18 MP: 4/4
   458 | D:2      | 458 ||| FLEEEEING.
   459 | D:2      | 459 ||| FLEEEEING.
   466 | D:2      | 466 ||| FLEEEEING.
   467 | D:2      | 467 ||| FLEEEEING.
   468 | D:2      | 468 ||| FLEEEEING.
   473 | D:2      | 473 ||| FLEEEEING.
   474 | D:2      | 474 ||| FLEEEEING.
   475 | D:2      | 475 ||| FLEEEEING.
   476 | D:2      | 476 ||| FLEEEEING.
   477 | D:2      | 477 ||| STAIRDANCE
   512 | D:2      | 512 ||| SWAPPING to +2 heavy sling.
   513 | D:2      | 513 ||| DROPPING +0 shortbow.
   535 | D:2      | 535 ||| FLEEEEING.
   536 | D:2      | 536 ||| FLEEEEING.
   537 | D:2      | 537 ||| FLEEEEING.
   541 | D:2      | 541 ||| FLEEEEING.
   542 | D:2      | 542 ||| FLEEEEING.
   543 | D:2      | 543 ||| FLEEEEING.
   544 | D:2      | 544 ||| FLEEEEING.
   545 | D:2      | 545 ||| FLEEEEING.
   581 | D:2      | Identified the +3 leather armour of Okawaru's Condemnation
                  | {rF- Regen+ rCorr Str+2}
   777 | D:2      | Reached skill level 5 in Ranged Weapons
   915 | D:2      | Reached XP level 4. HP: 22/22 MP: 5/5
   922 | D:2      | Found Bampoc's Book Shop.
  1396 | D:2      | 1396 ||| READING 2 scrolls of identify.
  1396 | D:2      | 1396 ||| IDENTIFYING metallic golden potion
  1397 | D:2      | 1397 ||| READING scroll of identify.
  1397 | D:2      | 1397 ||| IDENTIFYING viscous blue potion
  1398 | D:2      | 1398 ||| READING 2 scrolls labelled YTUXYGU IPTICLIMM.
  1399 | D:2      | 1399 ||| READING scroll labelled IBAAMOQUEL.
  1500 | D:2      | 1500 ||| READING scroll labelled MOICSIZOSH.
  1501 | D:2      | 1501 ||| DROPPING scroll of poison.
  1743 | D:3      | Found a runed translucent gate.
  1744 | D:3      | Found a runed translucent gate.
  1744 | D:3      | Found a runed translucent gate.
  1747 | D:3      | Noticed qw's ghost (amateur SpHu)
  1747 | D:3      | Noticed qw's ghost (amateur SpHu)
  1755 | D:3      | Found a shimmering blue altar of Sif Muna.
  1758 | D:3      | Reached XP level 5. HP: 26/26 MP: 6/6
  2267 | D:3      | Found Evoul's Jewellery Shoppe.
  2274 | D:3      | 2274 ||| SHOPLISTING amulet "Zivaes" {Acrobat Rampage Will-
                  | rCorr Dex+2} (596 gold, have 190).
  2274 | D:3      | 2274 ||| SHOPLISTING amulet of Oken {Spirit Rampage ^Drain
                  | rF+} (537 gold, have 190).
  2274 | D:3      | 2274 ||| SHOPLISTING amulet of guardian spirit (420 gold,
                  | have 190).
  2274 | D:3      | 2274 ||| SHOPLISTING amulet of regeneration (420 gold, have
                  | 190).
  2274 | D:3      | 2274 ||| SHOPLISTING ring of fire (350 gold, have 190).
  2274 | D:3      | 2274 ||| SHOPLISTING ring of the Merwolf {Fly rCorr} (421
                  | gold, have 190).
  2379 | D:3      | 2379 ||| READING scroll of identify.
  2379 | D:3      | 2379 ||| IDENTIFYING fuming inky potion
  2380 | D:3      | 2380 ||| DROPPING potion of attraction.
  2457 | D:4      | Found a shimmering blue altar of Sif Muna.
  2702 | D:4      | Found Genekax's Elemental Accessories.
  2709 | D:4      | 2709 ||| BUYING wand of flame (10) (98 gold).
  2709 | D:4      | Bought a wand of flame (10) for 98 gold pieces
  2804 | D:4      | Reached skill level 6 in Ranged Weapons
  2806 | D:4      | Reached XP level 6. HP: 29/30 MP: 7/7
  2947 | D:4      | 2947 ||| READING scroll labelled SULOWK YNER.
  2948 | D:4      | 2948 ||| READING scroll labelled XUMIZI NIGRAPU.
  2953 | D:4      | 2953 ||| READING scroll labelled DENUZAJIRO.
  2954 | D:4      | 2954 ||| READING scroll labelled TOULOZ MOOW.
  2955 | D:4      | 2955 ||| READING scroll labelled WUYHIH JUCKUCA.
  2956 | D:4      | 2956 ||| DRINKING 3 fizzy coppery potions.
  2957 | D:4      | 2957 ||| DROPPING 2 potions of degeneration.
  2990 | D:5      | Entered Level 5 of the Dungeon
  2991 | D:5      | 2991 ||| STAIRDANCE
  2995 | D:5      | 2995 ||| STAIRDANCE
  2999 | D:5      | 2999 ||| STAIRDANCE
  3004 | D:4      | Reached skill level 6 in Dodging
  3109 | D:5      | Noticed an ice beast
  3110 | D:5      | 3110 ||| DRINKING 4 potions of haste.
  3113 | D:5      | Killed an ice beast
  3180 | D:5      | Found a hide-covered altar of Uskayaw.
  3192 | D:5      | Reached skill level 7 in Ranged Weapons
  3196 | D:5      | HP: 1/30 [orc wizard/magic dart (8)]
  3197 | D:5      | Reached XP level 7. HP: 1/35 MP: 8/8
  3197 | D:5      | Slain by an orc wizard

Levels and vault maps discovered:
D:1:      giann_bridges, layout_rooms
D:2:      layout_basic, serial_shops, nicolae_shop_behind_doors,
          hangedman_decor_points, minmay_cupped
D:3:      cheibrodos_helix_gallery, layout_loops_ring,
          hellmonk_sif_muna_bookshelves, serial_shops, shop,
          gammafunk_ghost_cemetery, serial_aquarium,
          aquarium_bridge_long_separate [aquarium_subvault_bridge,
          aquarium_subvault_bridge, aquarium_subvault_wall,
          aquarium_subvault_bridge, aquarium_subvault_wall,
          aquarium_subvault_wall], aquarium_window_fake, aquarium_window_1,
          aquarium_window_1, aquarium_window_fake, aquarium_view_2a,
          aquarium_balcony_1b, aquarium_pool_four
D:4:      layout_loops_ring, serial_library_regret_index_small_wings,
          nicolae_elemental_shop
D:5:      layout_loops_ring, mainiacjoe_overflow_24_doors,
          mainiacjoe_overflow_six_doors_small

Skill      XL: |  1  2  3  4  5  6 |
---------------+-------------------+-----
Dodging        | 3 4 5 6 |  6.2
Ranged Weapons | 5 6 7 |  7.1
Fighting       | 2 |  2.0
Stealth        | |  1.5

Action                     |  1- 3 |  4- 6 |  7- 9 || total
---------------------------+-------+-------+-------++-------
   Fire: Shortbow          |    72 |       |       ||    72
         Sling             |    24 |   108 |     1 ||   133
    Use: Scroll            |     2 |    11 |       ||    13
         Potion            |       |     2 |       ||     2
 Armour: Robe              |    12 |    18 |     1 ||    31
  Dodge: Dodged            |    40 |    63 |     1 ||   104

Table legend:
 A = Non-vault XP
 B = Vault XP
 C = Vault XP percentage of total XP
 D = Non-vault monster count
 E = Vault monster count
 F = Vault count percentage of total count
                 A         B        C        D         E       F
            +---------+---------+-------+---------+---------+-------
      Total |     693 |      56 |   7.5 |      86 |       5 |   5.5
            +---------+---------+-------+---------+---------+-------
        D:1 |      33 |       0 |   0.0 |      20 |       0 |   0.0
        D:2 |      76 |       6 |   7.3 |      24 |       3 |  11.1
        D:3 |      48 |      50 |  51.0 |      20 |       2 |   9.1
        D:4 |     220 |       0 |   0.0 |      13 |       0 |   0.0
        D:5 |     316 |       0 |   0.0 |       9 |       0 |   0.0
            +---------+---------+-------+---------+---------+-------
